Map: Lockdown LE

Players

Aurelius

  • Race: Zerg Zerg
  • League: Gold

spacebasco - Winner!

  • Race: Protoss Protoss
  • League: Gold

VOD

Have the link to the VOD?

Description

Time

  • Played on: July 30, 2026, 3:08 p.m.
  • Length: 19:29
Show
View Real Time Build Order
Export as new Build Order

Aurelius Zerg 

Build Orders: Pool First 

Get SALT Encoding   

  8  0:03  Drone  
  9  0:12  Drone  
  10  0:17  Drone  
  11  0:29  Overlord  
  11  0:34  Drone  
  12  0:49  Drone x2  
  14  1:00  Drone  
  15  1:08  Drone  
  16  1:13  Spawning Pool  
  16  1:15  Drone  
  16  1:23  Drone  
  17  1:33  Drone  
  17  1:34  Extractor  
  17  1:51  Drone, Hatchery  
  17  1:54  Drone  
  18  2:04  Queen  
  20  2:12  Evolution Chamber  
  19  2:16  Overlord  
  19  2:24  Spore Crawler, Drone  
  19  2:28  Drone  
  20  2:34  Overlord  
  20  2:46  Zergling x2  
  21  2:55  Zergling x2  
  22  3:08  Spine Crawler  
  22  3:12  Zergling x2  
  22  3:16  Zergling x2  
  22  3:17  Zergling x10  
  27  3:29  Zergling x4  
  28  3:35  Zergling x2  
  28  3:38  Queen  
  24  3:51  Zergling x6  
  26  3:59  Zergling x2  
  26  4:00  Zergling x2  
  26  4:03  Zergling x2  
  26  4:12  Zergling x2  
  24  4:25  Zergling x6  
  24  4:26  Zergling x6  
  24  4:29  Queen  
  29  4:36  Drone  
  29  4:39  Zergling x2  
  29  4:51  Drone  
  29  4:56  Drone  
  30  5:04  Drone  
  31  5:12  Zerg Melee Weapons Level 1  
  31  5:14  Queen  
  31  5:19  Zergling x2  
  31  5:20  Drone  
  31  5:21  Drone x3  
  38  5:29  Drone  
  38  5:35  Spine Crawler  
  38  5:45  Drone  
  39  5:56  Overlord x2  
  39  5:57  Overlord  
  39  6:11  Metabolic Boost  
  39  6:18  Extractor  
  39  6:20  Baneling Nest  
  37  6:28  Zergling x2  
  37  6:29  Zergling x2  
  37  6:30  Zergling x18  
  48  6:38  Zergling x2  
  49  7:03  Zergling x12  
  49  7:07  Zerg Ground Armor Level 1  
  55  7:13  Drone x3  
  58  7:19  Zergling x2  
  58  7:20  Zergling x8  
  63  7:37  Lair  
  63  7:44  Overlord  
  63  7:54  Overlord x2  
  63  7:55  Overlord  
  63  8:05  Baneling  
  63  8:06  Baneling x7  
  63  8:27  Spore Crawler  
  62  8:35  Drone  
  62  8:36  Drone x4, Overlord  
  62  8:37  Drone  
  62  8:38  Drone x8  
  76  8:51  Evolution Chamber, Centrifugal Hooks  
  76  8:53  Zergling x2  
  76  8:54  Zergling x2  
  77  9:00  Zerg Melee Weapons Level 2  
  77  9:30  Drone x3  
  81  9:31  Zergling x2  
  81  9:32  Zergling x8  
  64  10:05  Spore Crawler  
  64  10:06  Spire  
  59  10:07  Spire  
  58  10:18  Zergling x18  
  67  10:23  Hatchery  
  67  10:24  Zerg Ground Armor Level 2  
  67  10:27  Hatchery  
  65  10:33  Infestation Pit  
  64  10:50  Zergling x2  
  64  10:51  Zergling x14  
  72  11:15  Hive  
  72  11:18  Burrow  
  72  11:23  Extractor  
  71  11:26  Drone x3  
  71  11:27  Extractor  
  71  11:31  Zergling x2  
  71  11:32  Zergling x8, Overlord  
  78  11:33  Zergling x8  
  78  11:36  Baneling  
  78  11:37  Baneling x3  
  82  11:57  Corruptor  
  84  12:02  Queen  
  84  12:05  Drone  
  84  12:06  Drone x2  
  84  12:08  Queen  
  89  12:10  Drone  
  89  12:11  Drone x2  
  94  12:19  Drone x3  
  94  12:21  Zergling x2  
  94  12:22  Zergling x4, Overlord  
  100  12:23  Zergling x8  
  100  12:25  Corruptor x2  
  100  12:26  Corruptor  
  110  12:32  Zerg Flyer Weapons Level 1  
  110  12:41  Zerg Flyer Armor Level 1  
  110  12:53  Baneling  
  110  12:54  Baneling x5  
  110  13:05  Corruptor  
  112  13:08  Zergling x22  
  112  13:09  Zergling x8  
  125  13:51  Zergling x16  
  125  13:52  Zergling x6  
  123  13:57  Swarm Host  
  123  14:01  Zergling x2  
  123  14:02  Zergling x24  
  127  14:03  Zergling x2  
  127  14:09  Zergling x6  
  118  14:15  Corruptor x2  
  115  14:27  Corruptor x4  
  115  14:28  Corruptor  
  125  14:34  Greater Spire  
  125  14:43  Extractor  
  125  14:44  Drone x4  
  125  14:45  Extractor  
  127  14:48  Drone  
  128  15:05  Extractor, Drone  
  128  15:20  Zerg Flyer Armor Level 2  
  128  15:42  Overlord x3  
  128  15:43  Overlord  
  128  15:56  Overlord  
  128  15:57  Overlord  
  128  16:20  Corruptor x4  
  128  16:21  Corruptor x3  
  142  16:31  Brood Lord x3  
  142  16:32  Overlord x3  
  148  16:39  Hatchery  
  146  17:33  Brood Lord x4  
  146  17:34  Brood Lord x2  
  158  17:37  Zergling x4  
  158  17:42  Roach Warren  
  159  17:47  Drone x3  
  162  18:31  Overlord x5  
  162  18:39  Overlord x3  
Show
View Real Time Build Order
Export as new Build Order

spacebasco Protoss - Winner!

Build Orders: Carriers 

Get SALT Encoding   

  8  0:06  Probe  
  9  0:21  Pylon  
  9  0:25  Probe  
  10  0:37  Probe  
  11  0:49  Probe  
  12  0:57  Forge  
  12  1:02  Probe (Chrono Boost)  
  13  1:14  Probe (Chrono Boost)  
  14  1:19  Probe (Chrono Boost)  
  15  1:38  Pylon, Probe  
  16  1:50  Gateway, Probe  
  16  1:54  Photon Cannon  
  17  2:05  Photon Cannon  
  17  2:07  Probe  
  18  2:27  Photon Cannon  
  18  2:31  Probe  
  18  2:36  Pylon  
  19  2:38  Assimilator  
  19  2:43  Probe  
  20  3:04  Photon Cannon  
  20  3:06  Photon Cannon  
  20  3:08  Probe  
  21  3:21  Cybernetics Core  
  21  3:23  Probe  
  21  3:24  Assimilator  
  22  3:35  Probe  
  23  4:01  Probe  
  24  4:06  Pylon  
  24  4:13  Probe  
  25  4:17  Nexus  
  25  4:21  Pylon  
  25  4:29  Probe  
  26  4:37  Stargate  
  26  4:41  Photon Cannon  
  26  4:42  Probe  
  26  4:44  Photon Cannon  
  27  4:55  Probe  
  27  5:03  Photon Cannon  
  27  5:07  Probe  
  27  5:09  Photon Cannon  
  28  5:16  Protoss Shields Level 1  
  28  5:22  Probe  
  29  5:29  Probe  
  29  5:34  Probe  
  31  5:41  Probe  
  31  5:42  Void Ray  
  36  5:47  Probe  
  37  5:53  Probe  
  38  5:57  Assimilator  
  38  5:59  Probe, Assimilator  
  39  6:05  Probe  
  39  6:06  Protoss Air Weapons Level 1  
  40  6:11  Probe  
  40  6:15  Stargate  
  40  6:17  Probe  
  42  6:23  Probe  
  43  6:29  Cybernetics Core, Probe  
  44  6:36  Probe  
  45  6:42  Probe  
  46  6:48  Probe  
  46  6:52  Pylon  
  46  6:54  Probe  
  48  6:56  Pylon  
  48  6:58  Pylon  
  48  7:01  Pylon  
  48  7:05  Protoss Air Armor Level 1  
  48  7:18  Nexus  
  48  7:21  Pylon  
  48  7:25  Pylon  
  48  7:40  Fleet Beacon  
  48  7:42  Robotics Facility  
  48  7:45  Photon Cannon  
  48  7:48  Photon Cannon  
  48  7:54  Photon Cannon  
  48  8:00  Shield Battery  
  48  8:03  Shield Battery  
  48  8:07  Assimilator  
  48  8:12  Assimilator  
  48  8:15  Void Ray  
  52  8:31  Probe  
  52  8:33  Probe  
  54  8:34  Probe  
  55  8:43  Probe  
  55  8:45  Probe, Void Ray  
  55  8:46  Probe  
  62  8:54  Protoss Air Weapons Level 2  
  62  8:55  Probe  
  63  8:57  Probe  
  63  8:58  Probe  
  65  9:04  Stargate  
  65  9:07  Probe  
  66  9:10  Stargate, Probe  
  67  9:20  Observer  
  68  9:27  Pylon  
  68  9:30  Pylon  
  68  9:35  Pylon  
  68  9:38  Observer  
  69  9:40  Pylon  
  69  9:42  Pylon  
  66  9:50  Pylon  
  66  9:55  Pylon  
  66  9:56  Carrier  
  71  10:09  Probe  
  71  10:12  Probe  
  73  10:19  Protoss Air Armor Level 2 (Chrono Boost)  
  73  10:22  Probe  
  73  10:24  Probe  
  73  10:26  Pylon  
  75  10:34  Probe  
  75  10:35  Photon Cannon  
  76  10:36  Probe  
  76  10:38  Photon Cannon  
  77  10:45  Twilight Council  
  77  10:46  Probe  
  77  10:47  Pylon  
  77  10:48  Probe  
  79  10:57  Photon Cannon  
  79  11:02  Pylon  
  79  11:03  Carrier  
  85  11:15  Twilight Council  
  85  11:19  Protoss Shields Level 2 (Chrono Boost)  
  85  11:26  Carrier (Chrono Boost)  
  85  11:32  Carrier (Chrono Boost)  
  91  11:33  Protoss Air Weapons Level 3 (Chrono Boost)  
  103  12:10  Carrier (Chrono Boost)  
  103  12:30  Carrier x2  
  103  12:31  Carrier  
  121  12:44  Shield Battery  
  121  12:56  Shield Battery  
  121  13:01  Shield Battery  
  121  13:04  Photon Cannon  
  121  13:07  Photon Cannon x2  
  121  13:10  Photon Cannon  
  121  13:12  Shield Battery, Photon Cannon  
  121  13:15  Shield Battery  
  121  13:17  Shield Battery  
  121  13:20  Nexus, Shield Battery  
  121  13:23  Pylon  
  121  13:26  Pylon  
  121  13:27  Pylon  
  121  13:37  Protoss Shields Level 3  
  101  14:04  Carrier x3  
  117  14:15  Probe  
  118  14:27  Probe  
  118  14:30  Assimilator  
  119  14:32  Pylon  
  119  14:35  Pylon  
  119  14:39  Probe  
  119  14:44  Probe  
  121  14:46  Probe  
  121  14:52  Probe  
  123  14:56  Probe  
  123  14:58  Probe  
  125  15:04  Probe  
  126  15:08  Probe  
  127  15:16  Probe  
  127  15:20  Probe  
  129  15:24  Probe  
  129  15:28  Probe  
  131  15:32  Probe  
  132  15:36  Photon Cannon, Probe  
  133  15:47  Photon Cannon  
  133  15:55  Photon Cannon  
  133  16:00  Photon Cannon  
  133  16:09  Photon Cannon  
  133  16:12  Shield Battery  
  133  16:18  Shield Battery  
  133  16:20  Probe  
  134  16:32  Probe  
  135  16:44  Probe  
  135  16:56  Probe  
  136  17:06  Nexus  
  136  17:08  Assimilator  
  136  17:13  Assimilator  
  136  17:14  Pylon  
  136  17:17  Pylon  
  136  17:19  Pylon x2  
  136  17:37  Photon Cannon  
  136  17:39  Photon Cannon  
  136  17:41  Photon Cannon  
  136  17:43  Photon Cannon  
  136  17:46  Photon Cannon  
  136  17:47  Shield Battery  
  136  17:51  Shield Battery  
Tags
 
Composition
Carriers
League
GoldGold
Matchup
PvZ
Opening
Pool First
Add a new tag
Caveats
  • Supply blocks, unpowered buildings, or Contaminate may cause inaccurate times.
  • Supply counts are checked every 10 seconds.